 Dungeon Crawl Stone Soup version 0.28.0 (webtiles) character file.

Game seed: 5086247427742355116

51167 dolemite99 the Severer (level 14, -3/135 (137) HPs)
             Began as a Minotaur Fighter on Feb 6, 2022.
             Was an Initiate of Gozag.
             Engulfed by a green draconian's poison gas (4 damage)
             ... on level 3 of the Abyss.
             The game lasted 00:28:09 (24070 turns).

dolemite99 the Severer (Minotaur Fighter)          Turns: 24070, Time: 00:28:09

HP:   -3/135 (137)  AC: 31    Str: 25    XL:     14   Next: 22%
MP:   13/13         EV:  7    Int:  5    God:    Gozag
Gold: 229           SH: 11    Dex: 11    Spells: 13/13 levels left

rFire   . . .      SeeInvis .   a - +5 broad axe (drain)
rCold   . . .      Faith    .   h - +0 kite shield
rNeg    . . .      Spirit   .   D - +0 plate armour
rPois   .          Reflect  .   B - +2 hat
rElec   .          Harm     .   t - +1 cloak
rCorr   +          Rampage  .   x - +2 pair of gloves
Will    +....                   L - +0 pair of boots
Stlth   ..........              (no amulet)
HPRegen 0.32/turn               v - +4 ring of protection {=R}
MPRegen 0.13/turn               N - ring of resist corrosion

@: lethally poisoned (-3 -> -50), lightly drained
A: horns 2, retaliatory headbutt
a: Renounce Religion, Potion Petition, Call Merchant, Bribe Branch


You were on level 3 of the Abyss.
You worshipped Gozag.
Gozag was aware of your devotion.
You visited 3 branches of the dungeon, and saw 17 of its levels.
You visited the Abyss 1 time.

You collected 4291 gold pieces.
You spent 369 gold pieces at shops.
You paid 3693 gold pieces to Gozag.

Inventory:

Hand Weapons
 a - a +5 broad axe of draining (weapon)
 b - a +0 hunting sling of venom
 d - a +0 war axe of flaming
 k - a +0 vorpal war axe
 n - a +2 hand axe of electrocution
 w - the +7 hand axe of the Owl {flame, rPois Str+4}
   (You found it on level 3 of the Lair of Beasts)

   It burns those it strikes, dealing additional fire damage.
   Big, fiery blades are also staple armaments of hydra-hunters.
   Str:       It affects your strength (+4).
   rPois:     It protects you from poison.
Missiles
 p - 473 stones (quivered)
 q - 149 bolts
 s - 197 arrows
 y - 2 datura-tipped darts
 C - 8 poisoned darts
 E - 39 sling bullets
 O - a throwing net
Armour
 h - a +0 kite shield (worn)
 r - +0 swamp dragon scales
 t - a +1 cloak (worn)
 x - a +2 pair of gloves (worn)
 B - a +2 hat (worn)
 D - a +0 plate armour (worn)
 L - a +0 pair of boots (worn)
Magical Staves
 Q - a staff of air
Jewellery
 e - a ring of magical power
 l - a ring of resist corrosion
 v - a +4 ring of protection (left hand) {=R}
 I - a ring of fire
 N - a ring of resist corrosion (right hand)
 S - a ring of ice
 T - a +6 ring of dexterity
 U - a ring of see invisible
 Z - the ring of the Jumping Messenger {rN+ Str+6}
   (You found it on level 6 of the Lair of Beasts)

   [ring of strength]

   Str:       It affects your strength (+6).
   rN:        It protects you from negative energy.
Wands
 A - a wand of digging (11)
 R - a wand of flame (4)
Scrolls
 c - 2 scrolls of vulnerability
 j - a scroll of blinking
 u - 2 scrolls of noise
 z - 2 scrolls of fear
 J - a scroll of magic mapping
 Y - a scroll of silence {unknown}
Potions
 i - 2 potions of brilliance
 F - a potion of resistance
 H - 4 potions of lignification
 M - 2 potions of attraction
 P - a potion of ambrosia
 V - 2 potions of mutation {unknown}
 W - a potion of flight
Miscellaneous
 m - a phantom mirror (inert)
 K - a condenser vane (inert)
 X - a lightning rod (inert)


   Skills:
 - Level 16.2 Fighting
 + Level 16.3 Axes
 - Level 16.2 Armour
 - Level 12.0 Shields


You had 13 spell levels left.
You didn't know any spells.
Your spell library contained the following spells:

 Spells                   Type           Power      Damage    Failure   Level
 Animate Skeleton         Necr           0%         N/A       100%        1
 Beastly Appendage        Tmut           0%         N/A       100%        1
 Foxfire                  Conj/Fire      0%         2x1d4     100%        1
 Magic Dart               Conj           0%         1d3       100%        1
 Pain                     Necr           0%         1d4       100%        1
 Ensorcelled Hibernation  Hex/Ice        0%         N/A       100%        2
 Passwall                 Tmut/Erth      0%         N/A       100%        2
 Searing Ray              Conj           0%         2d4       100%        2
 Wereblood                Tmut           0%         N/A       100%        2
 Conjure Flame            Conj/Fire      0%         6-21      100%        3
 Inner Flame              Hex/Fire       0%         N/A       100%        3
 Spider Form              Tmut/Pois      0%         N/A       100%        3
 Swiftness                Air            0%         N/A       100%        3
 Vampiric Draining        Necr           0%         2d6       100%        3
 Flame Wave               Conj/Fire      0%         2d4       100%        4
 Fulminant Prism          Conj/Hex       0%         3d6       100%        4
 Agony                    Necr           0%         N/A       100%        5
 Blade Hands              Tmut           0%         N/A       100%        5
 Excruciating Wounds      Necr           0%         N/A       100%        5
 Irradiate                Conj/Tmut      0%         3d14      100%        5
 Dragon Form              Tmut           0%         N/A       100%        7


Dungeon Overview and Level Annotations

Branches:
Dungeon (10/15)            Temple (1/1) D:5            Lair (6/6) D:9
 Shoals (0/4) Lair:4        Snake (0/4) Lair:3          Orc (0/2) D:9
  Slime: Lair:5-6

Altars:
Ashenzari
Cheibriados
Dithmenos
Elyvilon
Fedhas
Gozag
Hepliaklqana
Kikubaaqudgha
Makhleb
Nemelex Xobeh
Okawaru
Qazlal
Ru
Sif Muna
Trog
Uskayaw
Vehumet
Wu Jian
Xom
Yredelemnul
Zin
The Shining One

Shops:
D:1 [*   D:7 *   D:9 *

Annotations:
D:6 2 runed translucent doors, hito's ghost, novice TrMo
Lair:3 exclusion: downstairs
Lair:5 2 transporters, exclusion: oklob plant, Lobster4's ghost, journeyman TrMo


Innate Abilities, Weirdness & Mutations

You have a pair of horns on your head.
You reflexively headbutt those who attack you in melee.


Message History

You destroy the small abomination!
That felt strangely unrewarding.
You start resting.
You start resting.
You start resting.
Your extra speed is starting to run out.
You start resting.
You feel yourself slow down.
You start resting.
You start to feel less resistant.
You start resting.
Your resistance to elements expires.
You start resting.
A green draconian comes into view. It is wielding a +0 short sword.
A green draconian is nearby!
A green draconian is nearby!
A green draconian is nearby!
The green draconian roars!
The green draconian breathes poison at you.
The blast of poison misses you.
You are engulfed in poison gas.
You are lethally poisoned!
* * * LOW HITPOINT WARNING * * *
x2 You feel very sick.
You hit the green draconian. You drain the green draconian.
Your headbutt misses the green draconian.
The green draconian is lightly wounded.
You are engulfed in poison gas.
You are more poisoned.
* * * LOW HITPOINT WARNING * * *
x2 You feel extremely sick.
The green draconian barely misses you.
The green draconian tail-slaps you but does no damage.
You barely miss the green draconian.
Your headbutt misses the green draconian.
The green draconian is lightly wounded.
You are engulfed in poison gas.
You are more poisoned.
You die...
Your body crumbles into a pile of gold.

# . . #
.. ≈
####
#°@# # .
.####d.#
# # .
.#..# #
# ##. .#
# #. ##
# . .# #
# ..# #
.


You could see a green draconian (drained).

Vanquished Creatures
  A tentacled starspawn (Abyss:3)
  Gastronok (Lair:1)
  A deep elf elementalist (Abyss:3)
  Fannar (Lair:1)
  Harold (D:10)
  6 hydras
  A boulder beetle (Lair:5)
  A catoblepas (Lair:6)
  A deep troll shaman (Lair:6)
  A two-headed ogre (D:9)
  13 death yaks
  A fire crab (Lair:6)
  An orb spider (Abyss:3)
  Pikel (D:8)
  An orc knight (D:9)
  3 orc sorcerers (D:9)
  3 black mambas
  5 elephants
  A smoke demon (Abyss:3)
  2 torpor snails (Lair:4)
  Maggie (D:9)
  8 cane toads
  An efreet (Abyss:3)
  4 rime drakes (Lair:5)
  19 komodo dragons
  3 polar bears
  A wind drake (shapeshifter) (Abyss:3)
  Grinder (D:4)
  8 blink frogs
  A wraith (D:9)
  2 vampires
  A shadow (D:9)
  25 yaks
  12 wyverns
  A steam dragon (D:8)
  11 basilisks
  A ynoxinul (Abyss:3)
  Menkaure (D:6)
  13 water moccasins
  3 nagas (Lair:3)
  An acid dragon (D:10)
  2 small abominations (Abyss:3)
  5 orc warriors
  A sky beast (D:7)
  5 black bears
  A swamp drake (D:9)
  5 ogres
  30 wolves
  7 centaurs
  A phantom (D:6)
  A lemure (D:9)
  17 bullfrogs
  A gnoll sergeant (D:10)
  A scorpion (D:4)
  A wyvern skeleton (D:7)
  12 killer bees
  2 vampire bats (Lair:4)
  A howler monkey (D:9)
  3 centaur skeletons
  9 hounds
  A jelly (D:4)
  7 orc priests
  An iron imp (Abyss:3)
  Jessica (D:2)
  An iguana (D:5)
  5 orc wizards
  13 hell rats
  A howler monkey skeleton (D:7)
  4 howler monkey zombies
  7 gnolls
  9 adders
  A shadow imp (D:6)
  3 white imps
  4 worms
  2 dart slugs
  20 orcs
  2 ball pythons
  11 bats
  7 endoplasms
  2 giant cockroaches
  7 goblins
  3 hobgoblins
  13 jackals
  A quokka (D:3)
  2 frilled lizards
  8 kobolds
  8 rats
413 creatures vanquished.

Vanquished Creatures (collateral kills)
  A catoblepas (Lair:6)
  2 death yaks (Lair:6)
3 creatures vanquished.

Vanquished Creatures (others)
  19 fungi
  55 plants
  10 starspawn tentacles
84 creatures vanquished.

Grand Total: 500 creatures vanquished

Notes
Turn   | Place    | Note
-------+----------+-------------------------------------------
     0 | D:1      | dolemite99 the Minotaur Fighter began the quest for the
                  | Orb.
     0 | D:1      | Reached XP level 1. HP: 19/19 MP: 0/0
   141 | D:1      | Reached XP level 2. HP: 17/26 MP: 1/1
   797 | D:1      | Found a faded altar of an unknown god.
   804 | D:1      | Reached XP level 3. HP: 31/31 MP: 2/2
   987 | D:1      | Found Xoutanki's Antique Armour Shoppe.
  1009 | D:1      | Found Geeri's General Store.
  1439 | D:2      | Reached skill level 5 in Axes
  1823 | D:2      | Reached XP level 4. HP: 34/39 MP: 3/3
  1882 | D:2      | Noticed Jessica
  1888 | D:2      | Killed Jessica
  2201 | D:3      | Reached XP level 5. HP: 31/45 MP: 4/4
  2857 | D:3      | You fall into a shaft and drop 2 floors!
  2857 | D:5      | Entered Level 5 of the Dungeon
  2857 | D:5      | Found a staircase to the Ecumenical Temple.
  2864 | Temple   | Entered the Ecumenical Temple
  3249 | Temple   | Became a worshipper of Gozag Ym Sagoz the Greedy
  3546 | D:4      | Reached XP level 6. HP: 51/51 MP: 5/5
  3813 | D:4      | Noticed Grinder
  3813 | D:4      | Paralysed by Grinder for 4 turns
  3825 | D:4      | Paralysed by Grinder for 3 turns
  3831 | D:4      | Paralysed by Grinder for 5 turns
  3839 | D:4      | Killed Grinder
  3840 | D:4      | Reached skill level 5 in Shields
  3840 | D:4      | Reached XP level 7. HP: 51/57 MP: 6/6
  5280 | D:6      | Reached XP level 8. HP: 64/64 MP: 7/7
  5287 | D:6      | Reached skill level 10 in Axes
  5864 | D:6      | Found a runed translucent door.
  5865 | D:6      | Noticed hito's ghost (novice TrMo)
  5885 | D:6      | Found a runed translucent door.
  5915 | D:6      | Noticed Menkaure
  5925 | D:6      | Killed Menkaure
  6568 | D:7      | Reached XP level 9. HP: 68/70 MP: 8/8
  7209 | D:7      | Found Illoercharch's Assorted Antiques.
  7216 | D:7      | Bought a scroll labelled UKLECS VINIU for 17 gold pieces
  8000 | D:8      | Reached skill level 5 in Fighting
  8000 | D:8      | Reached skill level 5 in Armour
  9199 | D:9      | Found a staircase to the Lair.
  9200 | D:9      | Noticed a komodo dragon
  9220 | D:9      | Killed a komodo dragon
  9303 | D:9      | Noticed Maggie
  9311 | D:9      | Killed Maggie
  9312 | D:9      | Reached XP level 10. HP: 86/86 MP: 9/9
  9794 | D:9      | Noticed Pikel
  9821 | D:8      | Killed Pikel
 10241 | D:9      | Bought 2 potions of resistance for 300 gold pieces
 10241 | D:9      | Bought a scroll of magic mapping for 52 gold pieces
 10297 | D:9      | Noticed an orc sorcerer
 10304 | D:9      | Paralysed by an orc sorcerer for 7 turns
 10318 | D:9      | Killed an orc sorcerer
 10319 | D:9      | Noticed an orc sorcerer
 10325 | D:10     | Entered Level 10 of the Dungeon
 11017 | D:9      | Noticed an orc sorcerer
 11405 | D:10     | Found a stormy altar of Qazlal.
 11889 | D:10     | Noticed Harold
 11910 | D:10     | Killed Harold
 12352 | D:9      | Found a staircase to the Orcish Mines.
 12804 | D:9      | Killed an orc sorcerer
 12818 | D:9      | Killed an orc sorcerer
 12973 | D:9      | Reached XP level 11. HP: 90/99 MP: 10/10
 13241 | D:9      | Noticed an orc knight
 13241 | D:9      | Noticed a two-headed ogre
 13252 | D:9      | Killed a two-headed ogre
 13253 | D:9      | Reached skill level 15 in Axes
 13278 | D:9      | Killed an orc knight
 13288 | D:9      | Noticed a wizard
 13418 | Lair:1   | Entered Level 1 of the Lair of Beasts
 13592 | Lair:1   | Noticed Gastronok
 13627 | Lair:1   | Reached skill level 10 in Fighting
 13627 | Lair:1   | Reached skill level 10 in Armour
 13645 | Lair:1   | Killed Gastronok
 14847 | Lair:1   | Noticed Fannar
 14892 | Lair:1   | Killed Fannar
 15292 | Lair:1   | Reached XP level 12. HP: 112/112 MP: 11/11
 16125 | Lair:2   | Noticed a four-headed hydra
 16142 | Lair:2   | Killed a one-headed hydra
 16883 | Lair:3   | Noticed a six-headed hydra
 16891 | Lair:3   | Killed a two-headed hydra
 17240 | Lair:3   | Found a staircase to the Snake Pit.
 17638 | Lair:3   | Identified the +7 hand axe of the Owl {flame, rPois Str+4}
 18110 | Lair:4   | Noticed a death yak
 18126 | Lair:4   | Killed a death yak
 18550 | Lair:4   | Noticed an eight-headed hydra
 18560 | Lair:4   | Killed an eight-headed hydra
 18657 | Lair:4   | Found a staircase to the Shoals.
 18935 | Lair:4   | Noticed a death yak
 18935 | Lair:4   | Noticed a death yak
 18951 | Lair:4   | Noticed a death yak
 18970 | Lair:3   | Killed a death yak
 18971 | Lair:3   | Reached XP level 13. HP: 104/125 MP: 12/12
 19277 | Lair:4   | Reached skill level 15 in Fighting
 19277 | Lair:4   | Reached skill level 15 in Armour
 20766 | Lair:5   | Found a transporter.
 21008 | Lair:5   | Found a transporter.
 21012 | Lair:5   | Noticed Lobster4's ghost (journeyman TrMo)
 21293 | Lair:6   | Entered Level 6 of the Lair of Beasts
 21811 | Lair:6   | Reached skill level 10 in Shields
 22152 | Lair:6   | Reached XP level 14. HP: 111/137 MP: 13/13
 23149 | Lair:6   | Identified the ring of the Jumping Messenger {rN+ Str+6}
 23473 | D:9      | Cast into level 2 of the Abyss (a wizard)
 23572 | Abyss:2  | Noticed a tentacled starspawn
 23573 | Abyss:2  | Noticed a dread lich
 23592 | Abyss:2  | Noticed an Ice Fiend
 23632 | Abyss:2  | Noticed a tentacled starspawn
 23652 | Abyss:3  | Found a corrupted altar of Lugonu.
 23726 | Abyss:3  | Noticed a tentacled starspawn
 23746 | Abyss:3  | Killed a tentacled starspawn
 23771 | Abyss:3  | Noticed a starcursed mass
 23939 | Abyss:3  | Noticed a deep elf elementalist
 23963 | Abyss:3  | Killed a deep elf elementalist
 23987 | Abyss:3  | HP: 1/135 [cyclops (shapeshifter) (19)]
 24012 | Abyss:3  | HP: 3/135 [small abomination (8)]
 24069 | Abyss:3  | HP: 1/135 [poisoned by a green draconian (poison gas)]
 24070 | Abyss:3  | Engulfed by a green draconian's poison gas

Illustrated notes

Levels and vault maps discovered:
D:1:      elethiomel_arrival_maze, layout_basic, serial_shops, shop_fountains,
          shop, ebering_ecumenical_altar_rust, nicolae_wormholes
D:2:      layout_basic, uniq_jessica
D:3:      layout_loops_cross, chequers_serial_rivers_micro_d
D:4:      layout_basic, uniq_grinder
D:5:      layout_rooms, minmay_temple_entry_wispy, hex_intersection
D:6:      layout_cave_pods, ebering_ghost_sewer_f, uniq_menkaure
D:7:      layout_gridville, serial_shops, shop, solitary_fountain,
          minmay_misc_feat_tower, hangedman_abyss_or_decor_slice
D:8:      layout_basic, minmay_strange_pillars, serial_park_tiny_1
D:9:      minmay_the_grid_3x2 [minmay_the_grid_armoury,
          minmay_the_grid_outer_circle, minmay_the_grid_doors,
          minmay_the_grid_minigrid_large, minmay_the_grid_tri_star,
          minmay_the_grid_prize_inner_circle], layout_irregular_city,
          david_lair_shrubbed, erik_orc_1, uniq_maggie, uniq_pikel
D:10:     layout_stronghold, nicolae_qazlal_eye_of_the_storm, uniq_harold
Temple:   mainiacjoe_temple_trianglar_array
Lair:1:   layout_cave_pods, uniq_gastronok, uniq_fannar
Lair:2:   layout_hall_layers, beast_lair_carwin_8
Lair:3:   layout_cave_shapes, guppyfry_snake_entry_island, serial_rivers,
          chequers_serial_rivers_micro_a, chequers_serial_rivers_marsh,
          chequers_serial_rivers_room_a, chequers_serial_rivers_micro_c,
          chequers_serial_rivers_room_a, st_stairs_8
Lair:4:   layout_cave_pods, minmay_shoals_entry_centaurs, roderic_batcave,
          beast_lair_carwin_6, grunt_megastairs_5
Lair:5:   layout_roguey [special_room_mythical_zoo],
          minmay_slime_entry_oklob_enclosed, gammafunk_ghost_hive,
          grunt_forest_stairs_basic
Lair:6:   grunt_lair_end_beastmaster, layout_cave_pods, minmay_hedge_maze
Abyss:3:  base: D:1, evilmike_abyss_exit_9

Skill      XL: |  1  2  3  4  5  6  7  8  9 10 11 12 13 14 |
---------------+-------------------------------------------+-----
Axes           | 3 4 5 6 7 8 9 12 13 14 16 | 16.3
Shields        | 5 7 10 12 | 12.0
Fighting       | 7 9 11 14 16 | 16.2
Armour         | 7 9 11 14 16 | 16.2

Action                   |  1- 3 |  4- 6 |  7- 9 | 10-12 | 13-15 || total
-------------------------+-------+-------+-------+-------+-------++-------
Melee: War axe           |    93 |    24 |       |    14 |   119 ||   250
       Headbutt          |     9 |     8 |    36 |   133 |   110 ||   296
       Hand axe          |       |    60 |   268 |   571 |   253 ||  1152
       Broad axe         |       |       |       |       |    59 ||    59
 Fire: Hunting sling     |       |       |     9 |       |     1 ||    10
Throw: Stone             |     1 |    18 |    50 |    41 |    32 ||   142
       Dart              |       |       |       |     3 |       ||     3
Invok: Call Merchant     |       |       |       |     1 |       ||     1
       Bribe Branch      |       |       |       |       |     1 ||     1
Evoke: Wand              |       |       |     7 |     3 |     8 ||    18
       Condenser vane    |       |       |       |     2 |     1 ||     3
       Lightning rod     |       |       |       |       |     7 ||     7
       Phantom mirror    |       |       |       |       |     1 ||     1
  Use: Potion            |       |     2 |     2 |     6 |    11 ||    21
       Scroll            |       |     6 |    13 |     7 |    10 ||    36
 Stab: Invisible         |       |     2 |       |       |       ||     2
       Distracted        |       |       |     1 |     4 |     3 ||     8
       Petrified         |       |       |       |       |    12 ||    12
Armor: Scale mail        |    38 |    19 |       |       |       ||    57
       Plate armour      |       |    25 |   187 |   261 |   241 ||   714
Dodge: Dodged            |    35 |    22 |    38 |    85 |    90 ||   270
Block: Buckler           |     7 |       |       |       |       ||     7
       Kite shield       |    33 |    35 |   130 |   165 |   199 ||   562
